 Dungeon Crawl Stone Soup version 0.24.0-10-g970556be89 (webtiles) character file.

Game seed: 13103944386282045589, levelgen mode: deterministic

54243 Lanoc the Basher (level 14, -10/151 HPs)
             Began as a Gargoyle Chaos Knight on Nov 4, 2019.
             Was a Plaything of Xom.
             Killed from afar by a starcursed mass (15 damage)
             ... with an accursed screaming
             ... on level 3 of the Abyss.
             The game lasted 00:51:55 (14760 turns).

Lanoc the Basher (Gargoyle Chaos Knight)           Turns: 14760, Time: 00:51:56

Health: -10/151    AC: 27    Str: 21      XL:     14   Next: 72%
Magic:  17/17      EV:  2    Int: 14      God:    Xom [....*.]
Gold:   1121       SH: 18    Dex: 15 (16) Spells: 11/13 levels left

rFire    + . .     SeeInvis .   k - +0 mace of Oludeud {crush, *Contam rF+ rC++ Dex+2}
rCold    + + .     Gourm    .   v - +7 shield of the Pure Places {Slay+2}
rNeg     + + +     Faith    .   (armour currently unavailable)
rPois    ∞         Spirit   .   (helmet currently unavailable)
rElec    .         Reflect  .   (cloak currently unavailable)
rCorr    .         Harm     .   (gloves currently unavailable)
MR       ++...     Clarity  +   (boots currently unavailable) Stlth ++........NoTele +
                                H - amulet of the acrobat
HPRegen  1.15/turn              F - ring of protection from magic
MPRegen  0.15/turn              N - +5 ring of strength

@: agile, tree-form, radiating poison, very slightly contaminated, hasted,
invisible, very quick
A: see invisible, [blurry vision 3], clarity, clumsy 1[+1], mutation resistance
1, negative energy resistance 1, regeneration 2, robust 1, petrification
resistance, rot immunity, [subdued magic 1], AC +10
a: Renounce Religion


You were on level 3 of the Abyss.
You worshipped Xom.
You were a beloved toy of Xom.
You were not hungry.
You were a tree.
You visited 4 branches of the dungeon, and saw 19 of its levels.
You visited the Abyss 1 time.

You collected 1186 gold pieces.
You spent 65 gold pieces at shops.

Inventory:

Hand Weapons
 a - a +1 mace of chaos
 e - a +1 whip of freezing
 g - the +8 hand crossbow "Deigra" {velocity, -Tele rElec rN+++ Int-5}
   (You took it off an orc on level 12 of the Dungeon)

   Any bolt fired from it inflicts extra damage.
   It affects your intelligence (-5).
   It insulates you from electricity.
   It renders you almost immune to negative energy.
   It prevents most forms of teleportation.
 k - the +0 mace of Oludeud (weapon) {crush, *Contam rF+ rC++ Dex+2}
   (You found it on level 8 of the Dungeon)

   It inflicts extra damage upon your enemies.
   It affects your dexterity (+2).
   It protects you from fire.
   It greatly protects you from cold.
   It causes magical contamination when unequipped.
 o - a +3 flail of draining
 Q - the +5 quarterstaff "Fyemmeul" {holy, MR+ Str+4}
   (You found it on level 3 of the Abyss)

   It has been blessed by the Shining One to cause great damage to the undead
   and demons.
   It affects your strength (+4).
   It affects your resistance to hostile enchantments.
Missiles
 x - 5 atropa-tipped darts (quivered)
Armour
 m - a +0 pair of gloves (melded)
 s - the +5 ring mail of the Maze (melded) {rElec rCorr Int-3 SInv}
   (Xom gifted it to you on level 6 of the Dungeon)

   It affects your intelligence (-3).
   It insulates you from electricity.
   It lets you see invisible.
   It provides partial protection from all sources of acid and corrosion.
 v - the +7 shield of the Pure Places (worn) {Slay+2}
   (You found it on level 13 of the Dungeon)

   It affects your accuracy and damage with ranged weapons and melee attacks
   (+2).
 B - a +1 pair of boots (melded)
 C - a +1 plate armour of magic resistance
 I - a +0 hat (melded)
 O - a +0 cloak (melded)
Jewellery
 F - a ring of protection from magic (left branch)
 H - an amulet of the acrobat (around neck)
 N - a +5 ring of strength (right branch)
Wands
 b - a wand of random effects (62)
 d - a wand of iceblast (37)
 y - a wand of enslavement (13)
 E - a wand of flame (32)
 J - a wand of digging (4)
 L - a wand of acid (17)
Scrolls
 h - 21 scrolls of identify
 i - a scroll of enchant armour
 j - 4 scrolls of enchant weapon
 l - 4 scrolls of magic mapping
 r - 2 scrolls of remove curse
 t - 4 scrolls of vulnerability
 A - 2 scrolls of fog
 D - 5 scrolls of amnesia
Potions
 n - 2 potions of lignification
 q - 2 potions of invisibility
 u - 2 potions of flight
 z - 5 potions of curing
 P - a potion of magic
 R - a potion of brilliance
Miscellaneous
 G - a phial of floods
 M - a box of beasts
Comestibles
 c - 32 rations


   Skills:
 + Level 12.7 Fighting
 - Level 14.0 Maces & Flails
 + Level 12.4 Armour
 + Level 9.7 Dodging
 + Level 6.2 Shields
 + Level 5.2 Evocations


You had 11 spell levels left.
You knew the following spells:

 Your Spells              Type           Power        Failure   Level  Hunger
a - Apportation           Tloc           #.....       61%         1    ##.....
b - Summon Butterflies    Summ           #.......     61%         1    ##.....

Your spell library contained the following spells:

 Spells                   Type           Power        Failure   Level  Hunger
 Animate Skeleton         Necr           N/A          61%         1    ##.....
 Confusing Touch          Hex            #.....       61%         1    ##.....
 Summon Small Mammal      Summ           #...         61%         1    ##.....
 Call Canine Familiar     Summ           #.......     94%         3    ####...
 Ice Form                 Ice/Tmut       #.......     100%        4    #####..
 Summon Ice Beast         Ice/Summ       #.......     100%        4    #####..
 Metabolic Englaciation   Hex/Ice        #.........   100%        5    ######.
 Summon Mana Viper        Hex/Summ       #.......     100%        5    ######.
 Bolt of Cold             Conj/Ice       #.........   100%        6    #######
 Freezing Cloud           Conj/Ice/Air   #.........   100%        6    #######
 Ozocubu's Refrigeration  Ice            #.........   100%        6    #######
 Simulacrum               Ice/Necr       #.........   100%        6    #######
 Summon Hydra             Summ           #.........   100%        7    #######


Dungeon Overview and Level Annotations

Branches:
Dungeon (15/15)            Temple (1/1) D:7            Lair (2/6) D:9
    Orc (1/2) D:9          Vaults (0/5) D:14         Depths (0/5) D:15
  Swamp: Lair:2-4    Shoals: Lair:2-4     Snake: Lair:2-4    Spider: Lair:2-4

Altars:
Ashenzari
Cheibriados
Dithmenos
Fedhas
Gozag
Kikubaaqudgha
Nemelex Xobeh
Okawaru
Qazlal
Sif Muna
Xom

Shops:
D:4 (   D:5 ?   D:7 *   D:14 *

Annotations:
D:8 1 runed translucent door, puimuR's ghost, novice VSEE


Innate Abilities, Weirdness & Mutations

You are resistant to torment.
((Your stone body is resilient. (AC +10)))
You are immune to poison.
((Your large and strong wings let you fly indefinitely.))
You resist negative energy. (rN+)
((You are resistant to electric shocks. (rElec)))
((You can survive without breathing.))
You are immune to petrification.
You are immune to rotting.
((You have very sharp fingernails.))
((You have a pair of small horns on your head.))
You have supernaturally acute eyesight. (SInv)
You possess an exceptional clarity of mind.
((Your flesh is heat resistant. (rF+)))
You are somewhat resistant to further mutation.
You heal very quickly.
You are robust. (+10% HP)
((Your movements are slightly less encumbered by armour. (ER -2)))
[Scrolls take you much longer to read.]
[You are very clumsy. (Dex -4)]
[((You are sometimes teleported next to monsters.))]
[Your spells are a little easier to cast, but a little less powerful.]


Message History

You kill the ufetubus!
The thrashing horror tramples you but does no damage.
You block the thrashing horror's attack.
Unknown command.
The naga warrior blocks your attack.
The ufetubus looks even sicker. x2
Xom smirks.
You feel momentarily disoriented.
You are now a beloved toy of Xom.
You block the thrashing horror's attack.
The thrashing horror tramples you but does no damage.
You block the guardian serpent's attack.
You closely miss the guardian serpent.
The ufetubus looks even sicker.
You kill the ufetubus!
The ufetubus looks even sicker.
You kill the ufetubus!
You block the thrashing horror's attack.
The thrashing horror tramples you but does no damage.
A deafening chorus of shrieks assaults your mind!
You die...
Xom howls with laughter!

..≈≈5 5≈≈≈ .#
##. # #..
≈≈≈≈≈≈≈≈≈4. ..#
# #.. ≈≈5≈≈
≈55###.# . # .
≈≈≈≈≈55.4.....
. . .≈≈X3#hXx.
.
..§.≈55X3*NX###
#. ...#XX3NS3#
#. ..N5XXXS##
##....5.h##♣#
#### ##
##†NN.....
#(##.#### #.#
.# #.. .# #..
.. .#. # # .#


You could see 6 starcursed masses, 3 naga warriors, a wretched star, an ancient
zyme, 3 thrashing horrors, a hellwing, 2 guardian serpents, a smoke demon, a
raiju, a neqoxec, 2 ynoxinuls, a chaos spawn, 2 nagas and 8 ufetubi.

Vanquished Creatures
  Gastronok (D:12)
  A tentacled starspawn (Abyss:3)
  A spectral juggernaut (D:15)
  The ghost of Giaff the Carver, a journeyman DsGl of Makhleb (D:15)
  Erolcha (D:10)
  2 hydras
  A spectral stone giant (D:15)
  Erica (D:9)
  4 centaur warriors
  A catoblepas (D:12)
  A two-headed ogre (shapeshifter) (D:15)
  An ogre mage (D:14)
  4 two-headed ogres
  A vampire mage (D:15)
  A sixfirhy (Abyss:3)
  2 skeletal warriors (D:15)
  2 unseen horrors
  An unseen horror (shapeshifter) (D:15)
  A tengu zombie (D:15)
  A shadow dragon zombie (D:15)
  Pikel (D:5)
  A wolf spider zombie (D:12)
  2 deep elf magi (D:14)
  A fire giant zombie (D:15)
  11 ugly things
  3 manticores
  3 cyclopes
  A frost giant skeleton (D:15)
  2 black mambas
  Psyche (D:7)
  9 centaur skeletons
  4 gargoyles
  A kobold demonologist (D:12)
  3 spiny frogs
  A smoke demon (Abyss:3)
  A komodo dragon (Lair:1)
  A tormentor (Abyss:3)
  A yaktaur (shapeshifter) (D:14)
  5 trolls
  2 spriggan zombies (D:15)
  A hornet (D:7)
  A raiju (Abyss:3)
  A shadow dragon simulacrum (D:15)
  2 ice dragon zombies (D:15)
  4 hippogriffs
  3 vampires
  A shadow (D:14)
  A wyvern (D:12)
  2 basilisks (D:12)
  22 yaks
  A large abomination (Abyss:3)
  2 humans (D:7)
  Menkaure (D:7)
  A hungry ghost (D:14)
  A yaktaur simulacrum (D:15)
  2 wargs (D:9)
  5 water moccasins
  A soldier ant (Lair:2)
  2 acid dragons
  A porcupine (Lair:1)
  2 orc warriors (D:10)
  4 black bears
  A sky beast (D:15)
  2 eyes of draining
  A phantom (D:5)
  2 ice beasts
  A slave (D:5)
  2 wolves (Lair:2)
  5 necrophages (D:11)
  A small abomination (Abyss:3)
  7 ogres
  22 centaurs
  4 crocodiles (Lair:1)
  2 big kobolds
  15 bullfrogs
  A gnoll sergeant (D:9)
  4 earth elementals (D:12)
  3 scorpions
  6 killer bees
  8 wights
  3 howler monkeys
  3 bullfrog zombies
  6 crimson imps
  A quasit (D:9)
  3 centaur zombies
  3 jellies
  6 orc priests
  An iron imp (D:6)
  2 bullfrog skeletons
  4 iguanas
  7 orc wizards
  9 worker ants
  A howler monkey zombie (D:11)
  2 worker ant zombies
  5 gnolls
  A howler monkey skeleton (D:4)
  16 adders
  2 shadow imps
  An adder zombie (D:5)
  An ooze (D:14)
  A worm (D:5)
  2 dart slugs
  2 leopard geckos
  38 orcs
  A bat (D:2)
  6 giant cockroaches
  7 hobgoblins
  2 jackals (D:5)
  5 quokkas
  2 ball pythons (D:5)
  6 kobolds
  A leopard gecko skeleton (D:8)
  A quokka zombie (D:4)
  A rat (D:3)
383 creatures vanquished.

Vanquished Creatures (collateral kills)
  2 two-headed ogres
  A swamp dragon (D:8)
  An ugly thing (D:14)
  A hornet (D:10)
  A wyvern (D:14)
  6 yaks
  2 ice beasts (D:10)
  A sky beast (D:9)
  An ogre (D:7)
  2 earth elementals (D:12)
  A wyvern zombie (D:10)
  2 killer bees (D:8)
  A wight (D:8)
  A crimson imp (D:10)
  2 orc wizards (D:10)
  2 worker ant zombies (D:9)
  An adder (D:9)
  8 orcs
  A giant cockroach (D:8)
  A leopard gecko skeleton (D:9)
38 creatures vanquished.

Vanquished Creatures (others)
  2 dancing weapons
  A spectral stone giant (D:15)
  A stone giant simulacrum (D:15)
  A fire dragon simulacrum (D:15)
  A phantom (D:6)
  An ogre (D:5)
  A killer bee (D:8)
  A howler monkey (D:5)
  An orc priest (D:6)
  2 orc wizards (D:5)
  3 orcs
  A frilled lizard (D:5)
  A bush (D:11)
  2 fungi (Lair:2)
  11 plants
  6 starspawn tentacles (Abyss:3)
36 creatures vanquished.

Grand Total: 457 creatures vanquished

Notes
Turn   | Place    | Note
-------+----------+-------------------------------------------
     0 | D:1      | Lanoc the Gargoyle Chaos Knight began the quest for the
                  | Orb.
     0 | D:1      | Reached XP level 1. HP: 14/14 MP: 1/1
   129 | D:1      | XOM: mild Ice miscast
   174 | D:1      | Reached skill level 1 in Dodging
   174 | D:1      | Reached XP level 2. HP: 16/19 MP: 2/2
   298 | D:2      | Reached XP level 3. HP: 11/23 MP: 3/3
   524 | D:2      | XOM: divination: detect creatures
   589 | D:3      | Reached XP level 4. HP: 28/29 MP: 4/4
   662 | D:3      | Reached skill level 4 in Maces & Flails
   662 | D:3      | Reached XP level 5. HP: 28/33 MP: 5/5
   868 | D:4      | Found Caiseq's Weapon Shoppe.
  1022 | D:4      | XOM: silly message
  1660 | D:5      | Entered Level 5 of the Dungeon
  1709 | D:5      | Noticed a slave
  1716 | D:5      | XOM: harmless Conj miscast
  1723 | D:5      | Reached XP level 6. HP: 22/38 MP: 6/6
  1731 | D:5      | Killed a slave
  1956 | D:5      | Noticed a phantom
  1962 | D:5      | Noticed a slave
  1965 | D:5      | XOM: divination: detect creatures
  1966 | D:5      | Noticed a slave
  1968 | D:5      | Noticed Pikel
  1970 | D:5      | XOM: divination: detect creatures
  2022 | D:5      | XOM: medium Summ miscast
  2023 | D:5      | Noticed a small abomination
  2080 | D:5      | XOM: give mutations
  2080 | D:5      | Gained mutation: [Scrolls take you a little longer to
                  | read.] [Xom's mischief]
  2080 | D:5      | Gained mutation: [You are clumsy. (Dex -2)] [Xom's
                  | mischief]
  2080 | D:5      | Gained mutation: [Scrolls take you longer to read.] [Xom's
                  | mischief]
  2080 | D:5      | Gained mutation: [Scrolls take you much longer to read.]
                  | [Xom's mischief]
  2081 | D:5      | XOM: noise
  2084 | D:5      | XOM: cast spell 'Summon Ice Beast'
  2321 | D:5      | Reached skill level 5 in Maces & Flails
  2324 | D:5      | XOM: 5-stop teleportation journey
  2383 | D:5      | XOM: fog
  2397 | D:5      | Noticed a slave
  2418 | D:5      | Killed Pikel
  2418 | D:5      | Reached skill level 5 in Fighting
  2418 | D:5      | Reached skill level 6 in Maces & Flails
  2418 | D:5      | Reached XP level 7. HP: 44/44 MP: 7/7
  2454 | D:5      | Noticed an orb spider
  2454 | D:5      | a freed slave changed into an orb spider
  2454 | D:5      | XOM: polymorph freed slave -> orb spider
  2492 | D:5      | XOM: harmless Pois miscast
  2496 | D:5      | Reached XP level 8. HP: 44/49 MP: 8/8
  2596 | D:5      | XOM: harmless Air miscast
  2627 | D:5      | XOM: cast spell 'Summon Small Mammal'
  2629 | D:5      | XOM: cast spell 'Shadow Creatures'
  2636 | D:5      | XOM: confuse monster(s)
  2640 | D:5      | XOM: noise
  2691 | D:4      | XOM: give mutations
  2691 | D:4      | Gained mutation: You have a pair of small horns on your
                  | head. [Xom's grace]
  2691 | D:4      | Gained mutation: You are somewhat resistant to further
                  | mutation. [Xom's grace]
  2691 | D:4      | Gained mutation: You expend magic power (3 MP) to
                  | strengthen your wands. [Xom's grace]
  2691 | D:4      | Gained mutation: You have a pair of horns on your head.
                  | [Xom's grace]
  2927 | D:5      | XOM: cleaving
  2931 | D:5      | Reached skill level 5 in Armour
  2933 | D:5      | XOM: divine lightning
  2934 | D:5      | XOM: give mutations
  2934 | D:5      | Gained mutation: Your movements are slightly less
                  | encumbered by armour. (ER -2) [Xom's grace]
  2934 | D:5      | Gained mutation: Your flesh is heat resistant. (rF+) [Xom's
                  | grace]
  3035 | D:5      | XOM: cloud trail
  3068 | D:5      | Found Haffamec's Magic Scroll Boutique.
  3092 | D:5      | Bought a scroll of noise for 10 gold pieces
  3187 | D:5      | XOM: give mutations
  3187 | D:5      | Lost mutation: [Scrolls take you much longer to read.]
                  | [Xom's grace]
  3187 | D:5      | Lost mutation: [Scrolls take you longer to read.] [Xom's
                  | grace]
  3187 | D:5      | Lost mutation: [Scrolls take you a little longer to read.]
                  | [Xom's grace]
  3187 | D:5      | Gained mutation: You have supernaturally acute eyesight.
                  | (SInv) [Xom's grace]
  3187 | D:5      | Gained mutation: You have sharp fingernails. [Xom's grace]
  3187 | D:5      | Gained mutation: Your natural rate of healing is unusually
                  | fast. [Xom's grace]
  3187 | D:5      | Gained mutation: You heal very quickly. [Xom's grace]
  3207 | D:6      | XOM: divine lightning
  3216 | D:6      | Reached skill level 7 in Maces & Flails
  3330 | D:6      | Found a sparkling altar of Nemelex Xobeh.
  3496 | D:6      | Found a snail-covered altar of Cheibriados.
  3496 | D:6      | XOM: 4-stop teleportation journey
  3574 | D:6      | XOM: god gift: chain mail {god gift}
  3605 | D:6      | Found a shimmering blue altar of Sif Muna.
  3658 | D:6      | XOM: divine lightning
  3689 | D:6      | XOM: give mutation
  3689 | D:6      | Gained mutation: You are robust. (+10% HP) [Xom's grace]
  3735 | D:6      | XOM: noise
  3761 | D:6      | XOM: god gift: faintly glowing ring mail {god gift}
  3770 | D:6      | Got a faintly glowing ring mail {god gift}
  3781 | D:6      | Identified the +5 ring mail of the Maze {rElec rCorr Int-3
                  | SInv} (Xom gifted it to you on level 6 of the Dungeon)
  3957 | D:6      | XOM: divination: detect creatures
  4038 | D:7      | Found a staircase to the Ecumenical Temple.
  4045 | Temple   | Entered the Ecumenical Temple
  4148 | D:7      | Reached XP level 9. HP: 61/61 MP: 9/9
  4152 | D:7      | Found a shimmering blue altar of Sif Muna.
  4224 | D:7      | Found Licyfole's General Store.
  4231 | D:7      | Bought a potion of berserk rage for 55 gold pieces
  4245 | D:7      | Noticed a hornet
  4258 | D:7      | Killed a hornet
  4272 | D:7      | XOM: summons 2 friendly demons
  4281 | D:7      | Reached skill level 8 in Maces & Flails
  4313 | D:7      | XOM: scenery: create altars
  4383 | D:7      | Noticed Menkaure
  4395 | D:7      | Killed Menkaure
  4461 | D:7      | Found an iron altar of Okawaru.
  4645 | D:8      | Noticed a two-headed ogre
  4678 | D:8      | XOM: give mutation
  4678 | D:8      | Gained mutation: You possess an exceptional clarity of
                  | mind. [Xom's grace]
  4689 | D:8      | Found a stormy altar of Qazlal.
  4690 | D:8      | Noticed Psyche
  4699 | D:8      | XOM: enchant monster (good)
  4701 | D:8      | XOM: enchant monster (good)
  4711 | D:7      | XOM: draining
  4721 | D:7      | Killed Psyche
  4721 | D:7      | Reached skill level 9 in Maces & Flails
  4795 | D:8      | Noticed Harold
  4804 | D:8      | XOM: divination: magic mapping
  4807 | D:8      | Noticed a two-headed ogre
  4809 | D:7      | XOM: repel stairs
  4822 | D:7      | Reached skill level 5 in Dodging
  4887 | D:8      | XOM: confuse monster(s)
  4896 | D:8      | Reached XP level 10. HP: 66/69 MP: 10/10
  4906 | D:8      | XOM: medium Pois miscast
  4907 | D:8      | XOM: enchant monster (good)
  4908 | D:8      | XOM: stat loss: -1 Int (9/10)
  4920 | D:8      | XOM: summons 2 friendly demons
  4927 | D:8      | Killed a two-headed ogre
  4929 | D:8      | XOM: blink monster(s)
  4931 | D:8      | XOM: medium Chrm miscast
  4938 | D:8      | XOM: mild Erth miscast
  4941 | D:8      | Noticed Harold
  4941 | D:8      | Harold changed into Harold the swamp dragon
  4942 | D:8      | XOM: 1-stop teleportation journey
  4968 | D:8      | Got a crude mace
  4969 | D:8      | Identified the cursed +0 mace of Oludeud {crush, *Contam
                  | rF+ rC++ Dex+2} (You found it on level 8 of the Dungeon)
  5036 | D:8      | Found a runed translucent door.
  5038 | D:8      | Found a shimmering altar of Xom.
  5038 | D:8      | Noticed puimuR's ghost (novice VSEE)
  5039 | D:8      | Noticed a +1 scimitar of chaos
  5110 | D:8      | XOM: fake destruction
  5124 | D:8      | XOM: chaos upgrade
  5126 | D:8      | XOM: divine lightning
  5127 | D:8      | XOM: scenery: create altars
  5147 | D:8      | XOM: fake destruction
  5148 | D:8      | Killed a two-headed ogre
  5148 | D:8      | Reached skill level 10 in Maces & Flails
  5276 | D:8      | XOM: summons 7 friendly demons
  5288 | D:8      | Killed Harold the swamp dragon
  5498 | D:9      | Found a staircase to the Orcish Mines.
  5594 | D:9      | Noticed a two-headed ogre
  5595 | D:9      | XOM: enchant monster (good)
  5602 | D:9      | XOM: summons 10 friendly demons
  5624 | D:9      | Killed a two-headed ogre
  5681 | D:9      | Noticed Erica
  5682 | D:9      | XOM: noise
  5701 | D:9      | XOM: smoke on damage
  5709 | D:9      | XOM: destruction
  5712 | D:9      | Reached XP level 11. HP: 66/75 MP: 11/11
  5730 | D:9      | Killed Erica
  5730 | D:9      | Reached skill level 11 in Maces & Flails
  5855 | D:9      | XOM: cleaving
  5865 | D:9      | XOM: divination: detect creatures
  5871 | D:9      | XOM: enchant monster (good)
  5902 | D:10     | Entered Level 10 of the Dungeon
  5957 | D:10     | Found a snail-covered altar of Cheibriados.
  6031 | D:10     | XOM: summons 2 friendly demons
  6082 | D:10     | Noticed a centaur warrior
  6084 | D:10     | Noticed Erolcha
  6084 | D:10     | XOM: 3-stop teleportation journey
  6110 | D:10     | XOM: 2-stop teleportation journey
  6133 | D:10     | XOM: torment (54/78 hp)
  6144 | D:10     | XOM: potion effect (haste)
  6155 | D:10     | XOM: blink monster(s)
  6171 | D:10     | Killed a centaur warrior
  6173 | D:10     | XOM: swap monsters
  6227 | D:10     | XOM: cast spell 'Monstrous Menagerie'
  6232 | D:10     | Killed Erolcha
  6261 | D:10     | XOM: stat loss: -1 Str (15/16)
  6951 | D:11     | XOM: 2-stop teleportation journey
  6977 | D:11     | XOM: noise
  6987 | D:11     | XOM: noise
  7023 | D:11     | Noticed a cyan ugly thing
  7025 | D:11     | XOM: divination: detect creatures
  7048 | D:11     | Killed a cyan ugly thing
  7072 | D:11     | Found a blossoming altar of Fedhas.
  7113 | D:11     | XOM: enchant monster (bad)
  7200 | D:11     | XOM: summons 5 hostile demons
  7228 | D:12     | XOM: smoke on damage
  7285 | D:12     | XOM: harmless Tmut miscast
  7308 | D:12     | Noticed a cyan ugly thing
  7328 | D:12     | Killed a cyan ugly thing
  7345 | D:12     | Noticed a centaur warrior
  7359 | D:12     | XOM: harmless Conj miscast
  7376 | D:12     | XOM: cast spell 'Call Canine Familiar'
  7379 | D:12     | XOM: enchant monster (good)
  7383 | D:12     | Killed a centaur warrior
  7383 | D:12     | Reached skill level 12 in Maces & Flails
  7384 | D:12     | XOM: blink monster(s)
  7393 | D:12     | XOM: potion effect (agility)
  7415 | D:12     | XOM: cleaving
  7421 | D:12     | Reached XP level 12. HP: 70/84 MP: 12/12
  7454 | D:12     | Reached skill level 10 in Fighting
  7479 | D:12     | XOM: harmless Fire miscast
  7488 | D:12     | XOM: fake destruction
  7492 | D:12     | XOM: summons 3 friendly demons
  7546 | D:12     | Noticed Gastronok
  7569 | D:12     | XOM: summons friendly iron imp
  7576 | D:12     | XOM: confuse monster(s)
  7587 | D:12     | Killed Gastronok
  7587 | D:12     | Reached skill level 10 in Armour
  7691 | D:12     | XOM: butterfly on damage
  7701 | D:12     | Identified the +8 hand crossbow "Deigra" {velocity, -Tele
                  | rElec rN+++ Int-5}
  7709 | D:12     | XOM: destruction
  7718 | D:12     | XOM: summons 12 friendly demons
  7780 | D:12     | Noticed a catoblepas
  7787 | D:12     | XOM: blink monster(s)
  7803 | D:12     | XOM: butterfly on damage
  7825 | D:12     | XOM: enchant monster (bad)
  7965 | D:11     | XOM: harmless Hex miscast
  7973 | D:11     | XOM: smoke on damage
  7976 | D:11     | XOM: cast spell 'Chain of Chaos'
  8073 | D:11     | XOM: noise
  8093 | D:11     | XOM: cast spell 'Leda's Liquefaction'
  8313 | D:11     | XOM: divination: magic mapping
  8326 | D:11     | Reached skill level 13 in Maces & Flails
  8388 | D:11     | XOM: noise
  8556 | D:12     | Killed a catoblepas
  8680 | D:12     | XOM: god gift: 47 gold pieces
  8841 | D:12     | XOM: confuse monster(s)
  8911 | D:13     | XOM: potion effect (berserk rage)
  8914 | D:13     | XOM: summons friendly shadow imp
  8970 | D:13     | XOM: harmless Hex miscast
  9102 | D:13     | Reached XP level 13. HP: 92/92 MP: 13/13
  9209 | D:13     | XOM: divination: magic mapping
  9211 | D:13     | XOM: scenery: create altars
  9230 | D:13     | XOM: enchant monster (bad)
  9233 | D:13     | XOM: divination: detect creatures
  9255 | D:13     | XOM: silly message
  9308 | D:13     | XOM: mild Erth miscast
  9444 | D:13     | XOM: harmless Summ miscast
  9489 | D:13     | XOM: scenery: create altars
  9535 | D:13     | XOM: enchant monster (bad)
  9541 | D:13     | XOM: smoke on damage
  9641 | D:13     | XOM: cleaving
  9651 | D:13     | XOM: chaos cloud
  9653 | D:13     | XOM: swap monsters
  9693 | D:13     | Got a translucent shield
  9699 | D:13     | Identified the +7 shield of the Pure Places {Slay+2} (You
                  | found it on level 13 of the Dungeon)
  9759 | D:13     | XOM: give mutation
  9759 | D:13     | Lost mutation: You expend magic power (3 MP) to strengthen
                  | your wands. [Xom's mischief]
  9916 | D:13     | XOM: summons 6 hostile demons
 10001 | D:14     | XOM: summons friendly hellwing
 10020 | D:14     | Reached skill level 14 in Maces & Flails
 10020 | D:14     | Reached skill level 1 in Evocations
 10030 | D:14     | Reached skill level 1 in Shields
 10123 | D:14     | Found a gate to the Vaults.
 10148 | D:14     | XOM: silly message
 10153 | D:14     | XOM: summons 2 hostile demons
 10159 | D:14     | XOM: divination: detect creatures
 10187 | D:14     | XOM: polymorph worm -> ooze
 10287 | D:14     | XOM: potion effect (haste)
 10403 | D:14     | Found a shadowy altar of Dithmenos.
 10668 | D:14     | Found Pegiuwut's Serpentskin Sales.
 10796 | D:15     | Entered Level 15 of the Dungeon
 10866 | D:15     | XOM: 1-stop teleportation journey
 10899 | D:15     | Found a sparkling altar of Nemelex Xobeh.
 10939 | D:15     | XOM: cloud trail
 10942 | D:15     | Found a runed translucent gate.
 10942 | D:15     | Found a runed translucent gate.
 10942 | D:15     | Found a runed translucent gate.
 10943 | D:15     | Noticed Giaff's ghost (journeyman DsGl)
 10943 | D:15     | Noticed a spectral juggernaut
 11168 | D:15     | Found a staircase to the Depths.
 11168 | D:15     | XOM: swap monsters
 11180 | D:15     | XOM: polymorph necromancer -> glowing shapeshifter
 11184 | D:15     | XOM: swap monsters
 11200 | D:15     | XOM: divination: detect creatures
 11201 | D:15     | XOM: divination: detect creatures
 11215 | D:15     | XOM: cast spell 'Metabolic Englaciation'
 11227 | D:15     | Gained mutation: Your large and strong wings let you fly
                  | indefinitely. [Gargoyle growth]
 11227 | D:15     | Reached XP level 14. HP: 97/101 MP: 16/16
 11274 | D:15     | XOM: noise
 11277 | D:15     | XOM: noise
 11281 | D:15     | XOM: fake destruction
 11287 | D:15     | XOM: harmless Chrm miscast
 11318 | D:15     | XOM: cast spell 'Disjunction'
 11329 | D:15     | XOM: confuse monster(s)
 11330 | D:15     | XOM: cleaving
 11677 | D:15     | XOM: potion effect (agility)
 11784 | D:15     | Reached skill level 5 in Shields
 11815 | D:15     | XOM: summons 8 friendly demons
 11871 | D:15     | XOM: god gift: 27 gold pieces
 11895 | D:15     | XOM: mild Tloc miscast
 12031 | D:15     | XOM: confuse monster(s)
 12056 | D:15     | XOM: enchant monster (bad)
 12057 | D:15     | XOM: potion effect (curing)
 12061 | D:15     | XOM: divination: detect items
 12066 | D:15     | XOM: harmless Erth miscast
 12076 | D:15     | XOM: confuse monster(s)
 12081 | D:15     | Killed Giaff's ghost
 12084 | D:15     | XOM: fog
 12090 | D:15     | XOM: summons friendly quasit
 12102 | D:15     | XOM: divine lightning
 12122 | D:15     | XOM: divine lightning
 12164 | D:15     | Learned a level 1 spell: Apportation
 12166 | D:15     | Learned a level 1 spell: Summon Butterflies
 12297 | D:9      | XOM: scenery: 1 doors open, 1 doors close
 12305 | Orc:1    | Entered Level 1 of the Orcish Mines
 12337 | Orc:1    | XOM: enchant monster (good)
 12348 | Orc:1    | XOM: summons friendly quasit
 12356 | Orc:1    | XOM: destruction
 12397 | D:9      | XOM: summons friendly iron imp
 12440 | D:8      | XOM: give mutations
 12440 | D:8      | Gained mutation: You have very sharp fingernails. [Xom's
                  | mischief]
 12440 | D:8      | Lost mutation: You have a pair of horns on your head.
                  | [Xom's mischief]
 12447 | D:8      | XOM: noise
 12451 | D:9      | XOM: noise
 12466 | D:9      | Noticed a ghost moth
 12466 | D:9      | an ettin changed into a ghost moth
 12466 | D:9      | XOM: polymorph ettin -> ghost moth
 12468 | D:9      | XOM: 5-stop teleportation journey
 12505 | D:9      | Found a staircase to the Lair.
 12562 | Lair:1   | Entered Level 1 of the Lair of Beasts
 12580 | Lair:1   | XOM: divination: detect items
 12589 | Lair:1   | XOM: summons 1 hostile demon
 12968 | Lair:1   | XOM: medium Necr miscast
 13870 | Lair:2   | XOM: harmless Necr miscast
 13873 | Lair:2   | XOM: polymorph bullfrog -> soldier ant
 14076 | Lair:2   | Reached skill level 5 in Evocations
 14200 | Lair:2   | XOM: medium Tloc miscast
 14200 | Lair:2   | Cast into level 2 of the Abyss (the severe capriciousness
                  | of Xom)
 14218 | Abyss:3  | XOM: blink monster(s)
 14222 | Abyss:3  | XOM: chaos cloud
 14228 | Abyss:3  | XOM: noise
 14283 | Abyss:3  | XOM: torment (79/101 hp)
 14299 | Abyss:3  | Got a crystal quarterstaff
 14302 | Abyss:3  | XOM: harmless Tloc miscast
 14318 | Abyss:3  | XOM: mild Necr miscast
 14377 | Abyss:3  | Noticed a starcursed mass
 14377 | Abyss:3  | Found a corrupted altar of Lugonu.
 14383 | Abyss:3  | Noticed a tentacled starspawn
 14406 | Abyss:3  | Found a corrupted altar of Lugonu.
 14435 | Abyss:3  | Identified the +5 quarterstaff "Fyemmeul" {holy, MR+ Str+4}
                  | (You found it on level 3 of the Abyss)
 14449 | Abyss:3  | Found a corrupted altar of Lugonu.
 14470 | Abyss:3  | Found a corrupted altar of Lugonu.
 14655 | Abyss:3  | Found a corrupted altar of Lugonu.
 14673 | Abyss:3  | XOM: medium Fire miscast
 14724 | Abyss:3  | Noticed a starcursed mass
 14732 | Abyss:3  | Noticed a tentacled starspawn
 14733 | Abyss:3  | XOM: potion effect (agility)
 14737 | Abyss:3  | XOM: silly message
 14756 | Abyss:3  | XOM: cast spell 'Olgreb's Toxic Radiance'
 14757 | Abyss:3  | HP: 3/151 [smoke demon/divine providence (12)]
 14758 | Abyss:3  | Killed a tentacled starspawn
 14759 | Abyss:3  | XOM: divination: magic mapping
 14760 | Abyss:3  | Killed from afar by a starcursed mass

Levels and vault maps discovered:
D:1:      eino_arrival_druids_welcome, layout_rooms, st_stairs_8
D:2:      layout_loops_ring
D:3:      layout_loops_corners, nicolae_overflow_hidden_temple
D:4:      layout_loops_cross, serial_shops, shop, hangedman_decor_diamond_cutter
D:5:      layout_basic, serial_shops, shop_coins, first_ration,
          guppyfry_early_lair_pool, uniq_pikel
D:6:      layout_cave_pods, marbit_many_paths,
          nemelex_xobeh_ov_fountains_minmay, chei_slow_surprise
D:7:      layout_basic, minmay_temple_entry_gardened_gates, serial_shops, shop,
          basic_altar, okawaru_humans, uniq_menkaure
D:8:      layout_rooms, grunt_qazlal_clouds, ebering_ghost_xom, uniq_harold,
          uniq_psyche
D:9:      layout_roguey, erik_lair_orcish_takeover, orc_0_dummy,
          grunt_ogre_cave, uniq_erica
D:10:     layout_basic, chequers_serial_rivers_large_a, cheibriados_altar_1,
          uniq_erolcha
D:11:     layout_roguey, fedhas_altar_decomposition
D:12:     layout_rooms, hangedman_cracks_in_the_wall, uniq_gastronok
D:13:     layout_layer_cave, hangedman_abyss_or_decor_passed
D:14:     layout_loops_ring, david_vaults_2, grunt_dithmenos_shadows,
          guppyfry_shop_venom
D:15:     gammafunk_depths_entry_grave, layout_layer_cave, basic_altar,
          gammafunk_ghost_necromancy, hex_tiny
Temple:   lightli_temple_of_artemis
Lair:1:   layout_layer_cave, lemuel_fruit_tree
Lair:2:   layout_hall_layers, ebering_ghost_inner_flame, serial_bayou_ford_a,
          beast_lair_carwin_6, grunt_megastairs_5
Orc:1:    giant_chief_lemuel, layout_caves
Abyss:3:  hangedman_abyss_batty_box, minivault_28, minivault_19,
          hangedman_grunt_abyss_rune_horror_hoard,
          hangedman_abyss_rune_flesh_and_stone

Skill      XL: |  1  2  3  4  5  6  7  8  9 10 11 12 13 14 |
---------------+-------------------------------------------+-----
Dodging        | 1 2 3 4 5 6 7 8 9 |  9.7
Fighting       | 4 5 6 7 8 9 11 12 | 12.7
Maces & Flails | 4 6 7 9 10 12 13 14 | 14.0
Armour         | 3 4 5 7 8 9 10 11 12 | 12.4
Evocations     | 3 5 |  5.2
Shields        | 4 6 |  6.2

Action                   |  1- 3 |  4- 6 |  7- 9 | 10-12 | 13-15 || total
-------------------------+-------+-------+-------+-------+-------++-------
Melee: Mace              |    75 |   184 |   405 |  1133 |  1157 ||  2954
       Headbutt          |       |       |    35 |   240 |   308 ||   583
Throw: Dart              |       |       |       |     9 |       ||     9
 Abil: Fly               |       |       |       |       |     1 ||     1
Evoke: Wand              |       |       |     2 |       |     2 ||     4
  Use: Potion            |       |     3 |       |     7 |    11 ||    21
       Scroll            |       |     7 |       |     5 |    12 ||    24
 Stab: Confused          |       |     5 |       |     4 |     5 ||    14
       Paralysed         |       |       |     3 |       |       ||     3
       Petrified         |       |       |     6 |     7 |       ||    13
       Petrifying        |       |       |     2 |     1 |       ||     3
       Distracted        |       |       |       |     1 |     3 ||     4
       Sleeping          |       |       |       |       |     1 ||     1
  Eat: Chunk             |       |     4 |    10 |    15 |    15 ||    44
       Ration            |       |       |       |       |     2 ||     2
Armor: Leather armour    |    39 |   118 |    82 |       |       ||   239
       Ring mail         |       |       |   139 |   440 |   460 ||  1039
       Skin              |       |       |       |     3 |    14 ||    17
Dodge: Dodged            |    52 |   116 |   379 |   728 |   507 ||  1782
Block: Shield            |       |       |       |       |   771 ||   771
